Map: Acropolis LE

Players

Provornuk

  • Race: Zerg Zerg
  • League: Master
  • Spawn Location: 11:00

Mez - Winner!

  • Race: Terran Terran
  • League: Master
  • Spawn Location: 5:00

VOD

Have the link to the VOD?

Description

Time

  • Played on: Aug. 13, 2019, 11:06 a.m.
  • Length: 11:44
Show
View Real Time Build Order
Export as new Build Order

Provornuk Zerg 

Build Orders: Pool First, Muta Ling Bane 

Get SALT Encoding   

  12  0:00  Drone  
  13  0:13  Overlord  
  13  0:18  Drone  
  14  0:31  Drone x2  
  14  0:35  Drone  
  17  0:45  Extractor  
  17  0:47  Spawning Pool  
  15  0:51  Drone  
  16  1:15  Hatchery  
  16  1:18  Extractor  
  14  1:23  Drone x2  
  17  1:28  Drone  
  18  1:35  Drone  
  19  1:43  Queen  
  21  1:51  Metabolic Boost  
  21  1:58  Overlord  
  21  2:10  Drone  
  22  2:18  Zergling x2  
  22  2:19  Zergling x2  
  24  2:42  Queen  
  24  2:44  Hatchery  
  26  2:51  Drone x4  
  26  2:53  Drone  
  30  2:59  Drone x2  
  32  3:12  Drone x4  
  36  3:15  Overlord  
  36  3:38  Drone x2  
  36  3:39  Drone x2  
  40  3:42  Queen x2  
  44  3:52  Overlord x2, Extractor  
  44  3:53  Extractor  
  42  4:00  Evolution Chamber  
  41  4:03  Drone  
  41  4:04  Drone x4  
  41  4:05  Drone x2  
  41  4:08  Extractor  
  41  4:09  Spore Crawler  
  46  4:12  Drone, Spore Crawler  
  46  4:13  Drone  
  47  4:28  Lair  
  47  4:33  Drone x6  
  47  4:36  Zerg Missile Weapons Level 1  
  53  4:41  Drone, Spine Crawler  
  53  4:42  Drone  
  53  4:44  Drone  
  55  4:51  Extractor  
  55  4:52  Zergling x4  
  56  4:53  Zergling x4  
  55  5:16  Zergling x10  
  55  5:17  Overlord x2  
  60  5:32  Spire  
  60  5:34  Zergling x2  
  60  5:35  Zergling x14  
  66  5:37  Overlord x3  
  63  5:53  Overlord x2  
  63  6:11  Baneling Nest  
  62  6:23  Drone  
  62  6:24  Drone x2  
  65  6:30  Hatchery  
  65  6:31  Zerg Ground Armor Level 1  
  64  6:44  Zerg Flyer Weapons Level 1  
  64  6:45  Mutalisk x7  
  78  6:55  Drone x2  
  78  6:56  Drone x2  
  82  7:02  Mutalisk x3  
  88  7:14  Evolution Chamber  
  87  7:21  Evolution Chamber  
  86  7:28  Mutalisk x3  
  79  7:53  Mutalisk x2  
  79  7:55  Zergling x2  
  79  7:56  Zergling x22  
  79  7:58  Drone x3  
  94  8:10  Zerg Missile Weapons Level 2  
  95  8:12  Zergling x2  
  95  8:13  Zergling x4  
  95  8:16  Drone x3  
  100  8:26  Baneling x4  
  100  8:30  Zerg Melee Weapons Level 1  
  100  8:34  Zergling x2  
  100  8:35  Zergling x10  
  100  8:36  Overlord x2  
  106  8:49  Baneling x2  
  106  8:50  Zergling x4, Baneling x2  
  106  8:51  Zergling x16  
  106  8:52  Baneling  
  106  8:53  Baneling x4  
  116  9:06  Zergling x6  
  116  9:07  Zergling x4  
  119  9:24  Drone  
  119  9:25  Drone x12  
  119  9:26  Extractor  
  131  9:33  Centrifical Hooks  
  131  9:35  Hatchery  
  131  9:36  Infestation Pit  
  131  9:37  Baneling x6  
  129  9:49  Zergling x14  
  129  9:50  Overlord  
  136  10:03  Overlord x2  
  136  10:04  Overlord x2  
  136  10:19  Zergling x2  
  136  10:20  Zergling x14  
  144  10:29  Extractor  
  143  10:36  Drone  
  143  10:37  Drone x5, Extractor  
  143  10:38  Drone x4  
  143  10:39  Drone x2  
  93  10:50  Zergling x2  
  93  10:51  Zergling x24  
  103  11:09  Zergling x2  
  103  11:10  Zergling x20  
Show
View Real Time Build Order
Export as new Build Order

Mez Terran - Winner!

Build Orders: Liberator Opening, Reaper Expand 

Get SALT Encoding   

  12  0:01  SCV  
  13  0:13  SCV  
  14  0:17  Supply Depot  
  14  0:25  SCV  
  15  0:39  SCV  
  15  0:41  Barracks  
  16  0:44  Refinery  
  16  0:51  SCV  
  17  1:03  SCV  
  18  1:16  SCV  
  19  1:29  Reaper, Orbital Command  
  20  1:39  Command Center  
  20  1:50  Supply Depot  
  20  1:55  SCV  
  20  2:01  Marine  
  22  2:14  SCV  
  23  2:16  Factory  
  23  2:19  Refinery  
  23  2:24  Barracks Reactor  
  22  2:33  SCV  
  23  2:45  SCV  
  24  2:52  Orbital Command  
  24  2:54  Bunker  
  24  2:59  SCV  
  24  3:02  Starport  
  25  3:06  Hellion  
  25  3:09  Hellion  
  25  3:10  Barracks Tech Lab  
  25  3:12  SCV  
  30  3:23  Liberator  
  30  3:24  SCV  
  30  3:25  SCV  
  32  3:33  Hellion x2  
  36  3:36  SCV  
  36  3:39  Supply Depot  
  40  3:48  SCV x2  
  42  3:57  Hellion x2  
  42  4:00  SCV x2  
  48  4:03  Stimpack  
  48  4:08  Supply Depot  
  48  4:12  SCV x2  
  50  4:24  SCV x2  
  52  4:33  Command Center  
  52  4:36  Supply Depot  
  52  4:40  Factory Reactor  
  52  4:43  Barracks x2  
  52  4:47  Starport Reactor  
  52  4:48  SCV x2, Marine  
  55  4:57  Engineering Bay x2  
  55  5:04  SCV x2  
  52  5:22  Marine  
  52  5:24  SCV x2  
  52  5:26  Terran Infantry Armor Level 1, Terran Infantry Weapons Level 1  
  55  5:28  Refinery  
  55  5:29  Refinery, Factory Reactor  
  55  5:36  SCV x2  
  57  5:45  Medivac x2  
  57  5:48  SCV x2, Marine x2  
  65  5:50  Barracks  
  65  5:52  SCV  
  65  5:54  Barracks  
  66  5:59  Marine x3  
  66  6:00  SCV  
  68  6:05  SCV  
  68  6:06  Marine x2  
  68  6:07  Orbital Command  
  71  6:17  Marine x3  
  76  6:18  Widow Mine  
  76  6:19  Widow Mine  
  76  6:20  Combat Shield, Medivac x2  
  76  6:23  Marine  
  83  6:27  Orbital Command  
  83  6:41  Barracks Reactor, Marine x2  
  83  6:42  Barracks Reactor  
  83  6:43  Supply Depot  
  83  6:44  Supply Depot x2  
  85  6:50  Marine x2, Supply Depot  
  85  6:51  SCV x2  
  85  6:54  SCV  
  90  7:03  SCV, Marine  
  90  7:04  SCV  
  90  7:05  Marine x2  
  90  7:06  SCV  
  90  7:07  Marine  
  90  7:08  Widow Mine  
  99  7:16  SCV x2  
  99  7:19  Missile Turret  
  99  7:22  Factory  
  101  7:23  Missile Turret, Armory  
  101  7:27  Missile Turret  
  101  7:29  Missile Turret  
  99  7:30  Missile Turret, Marine x2  
  99  7:31  Marine x2  
  91  7:51  Marine  
  91  7:54  Marine x6  
  91  7:55  Marine x2  
  100  8:01  SCV x2  
  100  8:02  Widow Mine x2  
  106  8:09  Refinery, Marine  
  106  8:12  Marine  
  108  8:15  Supply Depot  
  108  8:16  Supply Depot  
  109  8:20  SCV x3  
  109  8:21  Supply Depot  
  109  8:22  Supply Depot  
  109  8:23  Marine  
  109  8:24  Marine x6, Supply Depot  
  109  8:26  Widow Mine x2  
  122  8:27  Marine  
  122  8:30  Marine  
  122  8:31  Terran Infantry Armor Level 2, Terran Infantry Weapons Level 2  
  124  8:34  Factory Tech Lab  
  124  8:37  Medivac x2  
  128  8:42  Marine x3  
  128  8:44  SCV x2  
  133  8:52  SCV  
  134  8:56  SCV x2  
  134  9:00  Marine x7  
  134  9:01  Thor  
  151  9:02  Widow Mine  
  151  9:03  Widow Mine  
  151  9:06  Terran Vehicle Weapons Level 1, Drilling Claws  
  153  9:21  Marine  
  153  9:22  Marine x8  
  162  9:30  Barracks  
  162  9:31  Barracks  
  162  9:32  Widow Mine x2  
  162  9:33  Barracks  
  166  9:39  Marine x2  
  166  9:42  Supply Depot  
  166  9:43  Supply Depot  
  168  9:49  Marine  
  168  9:50  Marine x4  
  173  9:55  Command Center  
  173  10:03  Marine x2  
  175  10:08  Missile Turret  
  175  10:14  Marine x7  
  175  10:17  Thor  
  175  10:18  Widow Mine x2  
  192  10:21  Marine  
  192  10:22  Marauder  
  195  10:32  Marine x2  
  190  10:43  Marauder  
  166  10:51  Marine x6  
  166  10:52  Barracks Tech Lab  
  166  10:53  Barracks Reactor, Barracks Tech Lab  
  172  10:59  Marine x2  
  174  11:04  Marine  
  174  11:09  Marine x2  
  174  11:25  Marine x2  
  172  11:26  Marine x3  
Tags
 
Add a new tag
Caveats
  • Supply blocks, unpowered buildings, or Contaminate may cause inaccurate times.
  • Supply counts are checked every 10 seconds.